 Dungeon Crawl Stone Soup version 0.32-a0-441-gaf4921d101 (webtiles) character file.

Game seed: 16543947475340648878

2590 Morbidden the Protected (level 9, -3/72 (73) HPs)
             Began as an Armataur Fighter on Feb 23, 2024.
             Incinerated by a smoke demon (5 damage)
             ... with a pyre arrow
             ... on level 8 of the Dungeon.
             The game lasted 00:08:09 (6538 turns).

Morbidden the Protected (Armataur Fighter)          Turns: 6538, Time: 00:08:09

HP:   -3/72 (73)    AC: 15    Str: 25    XL:     9   Next: 33%
MP:   0/27          EV:  6    Int:  9    God:
Gold: 312           SH: 13    Dex: 10    Spells: 8/8 levels left

rFire   . . .        b - +2 trident (drain)
rCold   . . .        E - +0 tower shield
rNeg    . . .        v - +6 scale mail of Too Many Cooks {rElec}
rPois   .            (no helmet)
rElec   +            e - +0 cloak
rCorr   .            (no gloves)
SInv    +            (no barding)
Will    .....        q - amulet of guardian spirit Stlth
                     I - ring of the Forging Scavenger {MP+9 SInv}
HPRegen 0.32/turn    s - ring of magical power
MPRegen 0.20/turn

%: guardian spirit, roll
@: on fire, glowing, lightly drained
A: large, deformed body, tough skin 3, armoured tail, roll 2
a: no special abilities


You were on level 8 of the Dungeon.
You visited 2 branches of the dungeon, and saw 9 of its levels.

You collected 351 gold pieces.
You spent 39 gold pieces at shops.

Inventory:

Hand Weapons
 a - a +0 war axe
 b - a +2 trident of draining (weapon)
 r - a +0 flail
Armour
 e - a +0 cloak (worn)
 v - the +6 scale mail of Too Many Cooks (worn) {rElec}
   (You found it on level 3 of the Dungeon)

   rElec:     It insulates you from electricity.
 E - a +0 tower shield (worn)
Jewellery
 q - an amulet of guardian spirit (around neck)
 s - a ring of magical power (right hand)
 y - the ring "Huumoc" {Wiz rF+ rC+ Str+2}
   (You found it on level 5 of the Dungeon)

   [ring of wizardry]

   Wiz:       It improves your spell success rate.
   Str+2:     It affects your strength (+2).
   rF+:       It protects you from fire.
   rC+:       It protects you from cold.
 I - the ring of the Forging Scavenger (left hand) {MP+9 SInv}
   (You found it on level 8 of the Dungeon)

   [ring of see invisible]

   MP+9:      It affects your magic capacity (+9).
   SInv:      It lets you see invisible.
Wands
 u - a wand of iceblast (2)
 G - a wand of digging (6)
Scrolls
 c - a scroll of silence {unknown}
 f - 2 scrolls of fog {unknown}
 g - 2 scrolls of fear {unknown}
 i - 8 scrolls of teleportation {unknown}
 k - 2 scrolls of immolation {unknown}
 n - 4 scrolls of identify {unknown}
 w - a scroll of torment {unknown}
 A - a scroll of enchant weapon {unknown}
 B - a scroll of amnesia {unknown}
 C - a scroll of poison {unknown}
 F - a scroll of blinking {unknown}
Potions
 d - 2 potions of might
 h - 2 potions of berserk rage
 j - a potion of brilliance {unknown}
 l - a potion of heal wounds {unknown}
 m - a potion of lignification
 o - 2 potions of invisibility {unknown}
 p - 2 potions of curing {unknown}
 t - a potion of cancellation {unknown}
 x - 2 potions of ambrosia {unknown}
 z - 3 potions of haste {unknown}
 D - 2 potions of mutation {unknown}


   Skills:
 * Level 4.9 Fighting
 * Level 6.6(6.7) Axes
 * Level 0.6(4.5) Maces & Flails
 + Level 0.3(4.1) Polearms
 * Level 8.2 Armour
 * Level 2.9 Dodging
 + Level 0.6 Stealth
 * Level 6.1 Shields
 + Level 0.1 Evocations


You had 8 spell levels left.
You didn't know any spells.
Your spell library contained the following spells:

 Spells                   Type           Power      Damage    Failure   Level
 Kiss of Death            Conj/Necr      0%         2d5       98%         1
 Shock                    Conj/Air       0%         1d3       98%         1
 Cigotuvi's Dreadful Rot  Necr/Alch/Air  0%         N/A       99%         2
 Confusing Touch          Hex            0%         N/A       100%        3
 Gell's Gravitas          Tloc           0%         N/A       100%        3
 Swiftness                Air            0%         N/A       100%        3
 Teleport Other           Tloc           0%         N/A       100%        3
 Airstrike                Air            0%         2d(0-16)  100%        4
 Dispel Undead            Necr           0%         3d6       100%        4
 Ignite Poison            Fire/Alch      0%         N/A       100%        4
 Freezing Cloud           Conj/Ice/Air   0%         6-21      100%        5
 Summon Forest            Summ/Tloc      0%         N/A       100%        5
 Summon Mana Viper        Hex/Summ       0%         N/A       100%        5
 Dispersal                Tloc           0%         N/A       100%        6
 Summon Cactus Giant      Summ           0%         N/A       100%        6


Dungeon Overview and Level Annotations

Branches:
Dungeon (8/15)             Temple (1/1) D:6
   Lair: D:8-11

Altars:
Ashenzari
Cheibriados
Elyvilon
Fedhas
Gozag
Hepliaklqana
Kikubaaqudgha
Makhleb
Nemelex Xobeh
Okawaru
Qazlal
Ru
Sif Muna
Uskayaw
Vehumet
Wu Jian
Xom
Yredelemnul
The Shining One

Shops:
D:1 !

Annotations:
D:4 1 runed translucent door, docpaisley's ghost, amateur CoMo


Innate Abilities, Weirdness & Mutations

Armour fits poorly on your strangely shaped body.
You have extremely tough skin. (AC +3)
You have a long armoured tail.
You regenerate magic and health when rolling toward enemies. (Rampage Regen)


Message History

You block the orange demon's attack.
You hit the kobold demonologist. You drain the kobold demonologist.
You tail-slap the kobold demonologist!
The kobold demonologist is almost dead.
You are engulfed in a cloud of scalding steam.
The liquid fire burns you!
* * * LOW HITPOINT WARNING * * *
The smoke demon disappears in a puff of smoke!
The ufetubus hits you but does no damage.
You block the ufetubus's attack. x3
The ufetubus hits you but does no damage.
You block the ufetubus's attack. The ynoxinul gestures at you.
The iron shot hits you!!
* * * LOW HITPOINT WARNING * * *
The kobold demonologist casts a spell.
The orange demon stings you but does no damage.
Unknown command.
Unknown command.
Unknown command.
Aiming: Iceblast
Press: ? - help, Shift-Dir - straight line, p - kobold demonologist The mass of ice explodes!
The iceblast engulfs the kobold demonologist!
You kill the kobold demonologist!
The ufetubus disappears in a puff of smoke!
The orange demon disappears in a puff of smoke!
The ynoxinul disappears in a puff of smoke!
The ufetubus disappears in a puff of smoke! x2
The quasit disappears in a puff of smoke! x2
The crimson imp disappears in a puff of smoke!
The iron imp disappears in a puff of smoke!
The liquid fire burns you!
* * * LOW HITPOINT WARNING * * *
Your Shields skill increases to level 6!
Unknown command.
Unknown command.
You shake off some of the fire as you move.
The liquid fire burns you!
You die...

... ##... #...#
#.##....# #...#
#........ #...#
#........ # #...#
#........
..####...#####........
#.....................
.............@..§....
............§.)§?....
.####...#####§.(.....
#...# #§....... #...#
#..>..... #...#
#####.### ###...### .#
.##......># #
........#.#


There were no monsters in sight!

Vanquished Creatures
  Jeremiah (D:7)
  A kobold demonologist (D:8)
  A shadow (D:7)
  2 water moccasins
  A black bear (D:5)
  2 ogres
  2 centaurs (D:7)
  2 phantoms
  A kobold brigand (D:8)
  A bullfrog (D:7)
  A gnoll sergeant (D:6)
  A scorpion (D:5)
  2 howler monkeys (D:7)
  A bombardier beetle (D:3)
  7 hounds
  2 gnoll boudas
  2 jellies
  2 iguanas
  An orc wizard (D:6)
  2 sleepcaps
  Natasha (D:3)
  11 gnolls
  4 adders
  A shadow imp (D:7)
  3 white imps
  A ribbon worm (D:2)
  3 dart slugs
  9 orcs
  3 bats
  7 endoplasms
  2 giant cockroaches
  7 goblins
  5 hobgoblins
  A jackal (D:3)
  6 ball pythons
  4 frilled lizards
  7 kobolds
  6 rats
116 creatures vanquished.

Notes
Turn   | Place    | Note
-------+----------+-------------------------------------------
     0 | D:1      | Morbidden the Armataur Fighter began the quest for the Orb.
     0 | D:1      | Reached XP level 1. HP: 18/18 MP: 1/1
   106 | D:1      | Found Fucyi's Distillery.
   260 | D:1      | Reached XP level 2. HP: 25/25 MP: 2/2
   288 | D:1      | Reached skill level 4 in Armour
   652 | D:1      | Bought a potion of lignification for 39 gold pieces
  1229 | D:2      | Reached XP level 3. HP: 22/30 MP: 3/3
  1401 | D:3      | HP: 2/45 [poisoned by an adder]
  1527 | D:3      | Reached XP level 4. HP: 38/38 MP: 4/4
  1658 | D:3      | Found a faded altar of an unknown god.
  1662 | D:3      | Found a snail-covered altar of Cheibriados.
  1843 | D:3      | Noticed Natasha
  1854 | D:3      | Killed Natasha
  2072 | D:3      | Identified the +6 scale mail of Too Many Cooks {rElec}
  2284 | D:4      | Found an ornate altar of the Wu Jian Council.
  2319 | D:4      | Reached XP level 5. HP: 37/45 MP: 5/5
  2406 | D:4      | Noticed an ogre
  2417 | D:4      | HP: 1/45 [ogre/+0 giant club (2)]
  2418 | D:4      | Killed an ogre
  2710 | D:4      | Reached skill level 5 in Armour
  2710 | D:4      | Reached XP level 6. HP: 39/51 MP: 4/6
  2838 | D:4      | Reached skill level 1 in Dodging
  2869 | D:4      | Found a runed translucent door.
  2902 | D:4      | Noticed docpaisley's ghost (amateur CoMo)
  3644 | D:5      | Entered Level 5 of the Dungeon
  3644 | D:5      | Found a shimmering altar of Xom.
  3657 | D:4      | Gained mutation: You regenerate magic and health when
                  | rolling toward enemies. (Rampage Regen) [Armataur growth]
  3657 | D:4      | Reached XP level 7. HP: 53/57 MP: 5/7
  3755 | D:5      | Reached skill level 6 in Armour
  3902 | D:5      | Reached skill level 5 in Shields
  4373 | D:5      | Reached XP level 8. HP: 66/66 MP: 8/8
  4390 | D:5      | Reached skill level 7 in Armour
  4445 | D:5      | Identified the ring "Huumoc" {Wiz rF+ rC+ Str+2}
  4568 | D:5      | Found a sacrificial altar of Ru.
  4681 | D:6      | Found a white marble altar of Elyvilon.
  4703 | D:6      | Reached skill level 5 in Axes
  4981 | D:6      | Found a staircase to the Ecumenical Temple.
  5001 | Temple   | Entered the Ecumenical Temple
  5776 | D:7      | Noticed Jeremiah
  5914 | D:7      | Killed Jeremiah
  5915 | D:7      | Reached XP level 9. HP: 14/56 MP: 9/9
  6464 | D:8      | Reached skill level 8 in Armour
  6473 | D:8      | Identified the ring of the Forging Scavenger {MP+9 SInv}
  6525 | D:8      | Noticed a kobold demonologist
  6528 | D:8      | Noticed a smoke demon
  6529 | D:8      | Noticed an orange demon
  6537 | D:8      | Killed a kobold demonologist
  6537 | D:8      | HP: 1/63 [burnt (3)]
  6538 | D:8      | Incinerated by a smoke demon

Illustrated notes

Levels and vault maps discovered:
D:1:      dpeg_arrival_rooms_b, layout_loops_ring, serial_shops,
          nicolae_shop_statue_plus
D:2:      layout_basic, minmay_misc_feat_four_crosses
D:3:      layout_rooms, nicolae_overflow_ecumenical_swirl, nrook_loot_triangle,
          hangedman_feature_mirror, chequers_mini_garden,
          minmay_increasing_density, uniq_natasha
D:4:      layout_loops_ring, mainiacjoe_overflow_brackets,
          ebering_ghost_reflecting_pool, kennysheep_generic_room_13
D:5:      layout_rooms, nicolae_ru_path_of_blood, lemuel_crystal_altar
D:6:      layout_loops_ring, nicolae_elyvilon_peaceful_grove,
          minmay_temple_entry_glass, corexii_hall_statues_x
D:7:      layout_loops_ring, minivault_26, uniq_jeremiah
D:8:      layout_loops_cross, grunt_temple_overflow_open, david_lair_shrubbed,
          amcnicky_mini_pool_small
Temple:   nicolae_temple_bog_church

Skill      XL: |  1  2  3  4  5  6  7  8  9 |
---------------+----------------------------+-----
Armour         | 4 5 6 7 8 |  8.2
Axes           | 2 3 4 6 |  6.6
Fighting       | 3 4 |  4.9
Shields        | 4 5 6 |  6.1
Dodging        | 1 2 |  2.9
Maces & Flails | |  0.6
Polearms       | |  0.3
Stealth        | |  0.6
Evocations     | |  0.1

Action                     |  1- 3 |  4- 6 |  7- 9 || total
---------------------------+-------+-------+-------++-------
  Melee: War axe           |    87 |   127 |   246 ||   460
         Tailslap          |     4 |    15 |    27 ||    46
         Trident           |       |       |    28 ||    28
  Throw: Dart              |       |       |     1 ||     1
  Evoke: Wand              |       |       |     5 ||     5
    Use: Potion            |     1 |       |       ||     1
 Armour: Scale mail        |    75 |   107 |   221 ||   403
         Chain mail        |       |    17 |       ||    17
  Dodge: Dodged            |    25 |    51 |    79 ||   155
  Block: Buckler           |    14 |    32 |    45 ||    91
         Tower shield      |       |       |    30 ||    30

Table legend: (Time is in decaauts)
 A = Elapsed time spent in this place.
 B = Non-inter-level travel time spent in this place.
 C = Inter-level travel time spent in this place.
 D = Time resting spent in this place.
 E = Time spent auto-exploring this place.
 F = Levels seen in this place.
 G = Mean time per level.
                   A        B        C        D        E       F      G
               +--------+--------+--------+--------+--------+-----+--------+
         Total |   6704 |   6290 |    414 |    849 |   4238 |   9 |  744.9 |
       Dungeon |   6702 |   6289 |    413 |    849 |   4238 |   8 |  837.8 |
        Temple |      1 |      0 |      1 |      0 |      0 |   1 |    1.0 |
               +--------+--------+--------+--------+--------+-----+--------+

Top non-repeatable levels by time:
     D:4: 1265 daAuts
     D:3: 1158 daAuts
     D:5: 1008 daAuts
     D:7: 970 daAuts
     D:6: 760 daAuts
     D:1: 691 daAuts
     D:2: 683 daAuts
     D:8: 164 daAuts
  Temple: 1 daAuts
